 Dungeon Crawl Stone Soup version 0.31-a0-263-ge8cad7f256 (webtiles) character file.

Game seed: 385922991931898254

19 qw the Shooter (level 2, -7/16 HPs)
             Began as a Gargoyle Hexslinger on July 13, 2023.
             Mangled by an iguana (9 damage)
             ... on level 2 of the Dungeon.
             The game lasted 00:00:16 (984 turns).

qw the Shooter (Gargoyle Hexslinger)                 Turns: 984, Time: 00:00:17

Health: -7/16      AC:  6    Str: 11    XL:     2   Next: 75%
Magic:  3/3        EV: 11    Int: 13    God:
Gold:   32         SH:  0    Dex: 12    Spells: 2/3 levels left

rFire   . . .        Y - +1 sling
rCold   . . .        (no shield)
rNeg    + . .        k - +0 leather armour
rPois   inf          (no helmet)
rElec   +            (no cloak)
rCorr   .            d - +0 pair of gloves
SInv    .            (no boots)
Will    .....        (no amulet)
Stlth   +            (no ring)
HPRegen 0.22/turn    (no ring)
MPRegen 0.08/turn

%: no passive effects
@: no status effects
A: sickness immunity, AC +2, negative energy resistance 1, electricity
resistance, torment resistance 1, petrification resistance
a: no special abilities


You were on level 2 of the Dungeon.
You visited 1 branch of the dungeon, and saw 2 of its levels.

You collected 32 gold pieces.


Innate Abilities, Weirdness & Mutations

You are immune to sickness and miasma.
Your stone body is resilient. (AC +2)
You are immune to poison.
You resist negative energy. (rN+)
You are resistant to electric shocks. (rElec)
You are resistant to unholy torment.
You are immune to petrification.


   Skills:
 + Level 1.5 Fighting
 - Level 3.0 Ranged Weapons
 - Level 1.5 Dodging
 - Level 1.0 Spellcasting
 - Level 2.6 Hexes


You had 2 spell levels left.
You knew the following spells:

 Your Spells              Type           Power      Damage    Failure   Level
a - Slow                  Hex            28%        N/A       12%         1

Your spell library contained the following spells:

 Spells                   Type           Power      Damage    Failure   Level
 Inner Flame              Hex/Fire       4%         N/A       54%         3
 Portal Projectile        Hex/Tloc       8%         N/A       54%         3
 Cause Fear               Hex            3%         N/A       77%         4

Inventory:

Hand Weapons
 Y - a +1 sling (weapon)
Armour
 d - a +0 pair of gloves (worn)
 k - a +0 leather armour (worn)
Potions
 e - a potion of haste {unknown}
 i - a potion of magic {unknown}
 m - a potion of brilliance {unknown}

Dungeon Overview and Level Annotations

Branches:
Dungeon (2/15)

Altars:

Shops:
D:1 (


Message History

972 ||| DROPPING potion of lignification.
You drop a potion of lignification.
973 ||| DROPPING 2 scrolls of amnesia.
You drop 2 scrolls of amnesia.
(D) Dungeon
Where to? (* - list waypoints, ? - help)
What level of the Dungeon? (default 1, ? - help)
The kobold shouts!
You hear a shout!
You shoot a sling bullet.
The sling bullet hits the kobold but does no damage.
An iguana comes into view.
You shoot a sling bullet. The iguana hisses angrily.
The sling bullet hits the kobold.
The kobold is moderately wounded.
You shoot a sling bullet. The sling bullet misses the bat.
The bat hits you but does no damage. x2
You shoot a sling bullet. The sling bullet misses the kobold.
The bat hits you but does no damage.
The kobold hits you with a +0 short sword.
The kobold barely misses you.
You shoot a sling bullet.
The sling bullet closely misses the kobold.
The bat hits you. The bat misses you.
The kobold hits you with a +0 short sword.
You shoot a sling bullet.
The sling bullet barely misses the kobold.
The sling bullet barely misses the iguana.
The bat hits you but does no damage. The kobold barely misses you.
You shoot a sling bullet. The sling bullet hits the kobold.
The kobold is severely wounded.
The bat barely misses you. The iguana misses you.
The kobold hits you with a +0 short sword. x2
The iguana bites you.
You shoot a sling bullet.
The sling bullet closely misses the kobold.
The sling bullet hits the bat.
You kill the bat!
The iguana bites you!
Ouch! That really hurt!
You die...

*********
###########....,,,*******
###########.###**,*,,,,,,
###########.####*,*,*****
#########l><....,,,,*
#######.@K...##**,***
#######.#g#..##**,*
#######.#.......,,*
#######?####..##*********
#######.####..#*,,,,,,,,,
#######..b....#*,,,,,,,*,
#############.#*,,,,,,,*,
###########.#.#*,^,,,,,*,
##########.#..#*,,,,,,,*,


You could see an iguana, a hobgoblin and a kobold.

Vanquished Creatures
  2 ball pythons
  3 endoplasms (D:1)
  A goblin (D:1)
  6 hobgoblins
  2 bats (D:2)
  A kobold (D:2)
  3 rats
18 creatures vanquished.

Notes
Turn   | Place    | Note
-------+----------+-------------------------------------------
     0 | D:1      | qw the Gargoyle Hexslinger began the quest for the Orb.
     0 | D:1      | Reached XP level 1. HP: 12/12 MP: 2/2
     0 | D:1      | 0 ||| qw: Version: 0.3-a-52-g30416fa
     0 | D:1      | 0 ||| qw: Game counter: 7082
     0 | D:1      | 0 ||| qw: Melee chars always use a shield: true
     0 | D:1      | 0 ||| qw: God list: Okawaru
     0 | D:1      | 0 ||| qw: Allow faded altars: false
     0 | D:1      | 0 ||| qw: Do Orc after clearing Dungeon:15 true
     0 | D:1      | 0 ||| qw: Do second Lair branch before Depths: true
     0 | D:1      | 0 ||| qw: Lair rune preference: random
     0 | D:1      | 0 ||| qw: Goals: Normal
     0 | D:1      | 0 ||| PLANNING D:1-11
   360 | D:1      | Reached XP level 2. HP: 16/16 MP: 3/3
   390 | D:1      | Found Ylocw's Antique Weapon Emporium.
   398 | D:1      | 398 ||| SHOPLISTING orcbow (73 gold, have 8).
   454 | D:1      | Found a faded altar of an unknown god.
   598 | D:1      | Reached skill level 3 in Ranged Weapons
   706 | D:1      | You fall into a shaft and drop 1 floor!
   898 | D:2      | 898 ||| UPGRADING to +0 pair of gloves.
   903 | D:2      | 903 ||| UPGRADING to +0 leather armour.
   913 | D:2      | 913 ||| DROPPING +0 robe.
   914 | D:2      | 914 ||| READING scroll labelled NANWETTAIH.
   915 | D:2      | 915 ||| READING 3 scrolls labelled JAOSSI DESHAG.
   916 | D:2      | 916 ||| READING scroll labelled ZUYBIU UNASH.
   917 | D:2      | 917 ||| READING scroll labelled JOPPAS TIRIGHU.
   920 | D:2      | 920 ||| READING scroll labelled DUYWKO YPTAOWN.
   921 | D:2      | 921 ||| DRINKING 2 lumpy inky potions.
   971 | D:2      | 971 ||| DROPPING scroll of poison.
   972 | D:2      | 972 ||| DROPPING potion of lignification.
   973 | D:2      | 973 ||| DROPPING 2 scrolls of amnesia.
   983 | D:2      | HP: 2/16 [iguana (3)]
   984 | D:2      | Mangled by an iguana

Levels and vault maps discovered:
D:1:      amcnicky_arrival_abandoned_market, layout_loops_corners,
          shapermc_ecumenical_altar_hornbeckon, serial_shops,
          nicolae_shop_waterfront
D:2:      layout_loops_cross, minmay_stone_trees_small

Skill      XL: |  1  2 |
---------------+-------+-----
Ranged Weapons | 3 |  3.0
Fighting       | |  1.5
Dodging        | |  1.5
Spellcasting   | |  1.0
Hexes          | |  2.6

Action                     || total
---------------------------++-------
   Fire: Sling             ||    51
    Use: Scroll            ||     5
         Potion            ||     1
 Armour: Robe              ||     4
         Leather armour    ||     4
  Dodge: Dodged            ||    11

Table legend:
 A = Non-vault XP
 B = Vault XP
 C = Vault XP percentage of total XP
 D = Non-vault monster count
 E = Vault monster count
 F = Vault count percentage of total count
                 A         B        C        D         E       F
            +---------+---------+-------+---------+---------+-------
      Total |      30 |       0 |   0.0 |      18 |       0 |   0.0
            +---------+---------+-------+---------+---------+-------
        D:1 |      22 |       0 |   0.0 |      12 |       0 |   0.0
        D:2 |       8 |       0 |   0.0 |       6 |       0 |   0.0
            +---------+---------+-------+---------+---------+-------
